 Dungeon Crawl Stone Soup version 0.27.1-4-g1640c2035a (webtiles) character file.

Game seed: 10457855905567813409

573904 bearlyready the Conqueror (level 27, -9/484 HPs)
             Began as an Ogre Artificer on Nov 12, 2021.
             Was an Initiate of Gozag.
             Splashed by a caustic shrike's acid (10 damage)
             ... on level 5 of the Depths on Nov 13, 2021.
             The game lasted 02:32:55 (60478 turns).

bearlyready the Conqueror (Ogre Artificer)         Turns: 60478, Time: 02:32:56

Health: -9/484     AC:  3    Str: 31    XL:     27
Magic:  0/44       EV: 16    Int: 12    God:    Gozag
Gold:   16776      SH:  0    Dex: 19    Spells: 47/50 levels left

rFire    + . .     SeeInvis +   y - +9 giant spiked club (vorpal)
rCold    + . .     Faith    .   (shield currently unavailable)
rNeg     + + .     Spirit   +   N - +4 moon troll leather armour {Spirit, Regen++ MP+5}
rPois    +         Reflect  .   t - +0 mask of the Dragon {Will+ Slay+3 SInv}
rElec    +         Harm     .   r - +2 cloak {Will+}
rCorr    .         Rampage  .   (gloves unavailable)
Will     ++++.                  (boots unavailable)
Stlth    ..........             Y - amulet of Ocohamam {RegenMP Regen+ Str+2 Slay+3}
HPRegen  3.90/turn              C - ring "Enorphah" {rN++ Str-4 Dex+6 Slay+6}
MPRegen  0.54/turn              c - ring of Yredelemnul's Hope {rElec rPois rF+ rC+ Dex+4}

@: berserking (expiring), corroded, gold aura, studying 4 skills, very quick
A: large, unfitting armour, tough skin 1, shaggy fur 1, wild magic 1, evolution
1
}: 2/15 runes: decaying, gossamer
a: Renounce Religion, Potion Petition, Call Merchant, Bribe Branch


You were on level 5 of the Depths.
You worshipped Gozag.
Gozag was extremely pleased with you.
You visited 10 branches of the dungeon, and saw 47 of its levels.
You visited the Abyss 1 time.
You also visited: Bailey.

You collected 26410 gold pieces.
You spent 9081 gold pieces at shops.
You paid 553 gold pieces to Gozag.

Inventory:

Hand Weapons
 y - a +9 vorpal giant spiked club (weapon)
Missiles
 f - a throwing net
 w - 44 boomerangs
 T - 90 large rocks (quivered)
 Z - 13 silver javelins
Armour
 r - a +2 cloak of willpower (worn)
 t - the +0 mask of the Dragon (worn) {Will+ Slay+3 SInv}
   (You acquired it on level 4 of the Lair of Beasts)

   Slay:      It affects your accuracy & damage with ranged weapons and melee
   (+3).
   SInv:      It lets you see invisible.
   Will:      It increases your willpower.
 N - the +4 moon troll leather armour (worn) {Spirit, Regen++ MP+5}
   (You bought it in a shop on level 4 of the Dungeon)

   MP:        It affects your magic capacity (+5).
   Regen:     It increases your rate of health regeneration.
Jewellery
 c - the ring of Yredelemnul's Hope (right hand) {rElec rPois rF+ rC+ Dex+4}
   (You found it on level 13 of the Dungeon)

   [ring of poison resistance]

   Dex:       It affects your dexterity (+4).
   rF:        It protects you from fire.
   rC:        It protects you from cold.
   rElec:     It insulates you from electricity.
   rPois:     It protects you from poison.
 C - the ring "Enorphah" (left hand) {rN++ Str-4 Dex+6 Slay+6}
   (You found it on level 3 of the Elven Halls)

   [ring of dexterity]

   Str:       It affects your strength (-4).
   Dex:       It affects your dexterity (+6).
   Slay:      It affects your accuracy & damage with ranged weapons and melee
   (+6).
   rN:        It greatly protects you from negative energy.
 F - the ring of the Traitor {rF+ rC+ rCorr Int+4}
   (You acquired it on level 1 of the Spider Nest)

   [ring of resist corrosion]

   Int:       It affects your intelligence (+4).
   rF:        It protects you from fire.
   rC:        It protects you from cold.
   rCorr:     It protects you from acid and corrosion.
 Y - the amulet of Ocohamam (around neck) {RegenMP Regen+ Str+2 Slay+3}
   (You bought it in a shop on level 4 of the Dungeon)

   [amulet of magic regeneration]

   It increases your rate of magic regeneration.
   Str:       It affects your strength (+2).
   Slay:      It affects your accuracy & damage with ranged weapons and melee
   (+3).
   Regen:     It increases your rate of health regeneration.
Wands
 l - a wand of flame (107)
 q - a wand of mindburst (63)
 A - a wand of charming (8)
 M - a wand of iceblast (39)
 P - a wand of paralysis (34)
 Q - a wand of digging (5)
 R - a wand of polymorph (10)
 U - a wand of acid (45)
Scrolls
 b - 19 scrolls of teleportation
 i - 2 scrolls of summoning
 k - 7 scrolls of fear
 n - 32 scrolls of identify
 p - 4 scrolls of silence
 s - 6 scrolls of brand weapon
 x - 7 scrolls of enchant armour
 K - 3 scrolls of enchant weapon
 W - 7 scrolls of magic mapping
 X - 5 scrolls of fog
Potions
 a - 3 potions of heal wounds
 d - 3 potions of invisibility
 g - 7 potions of berserk rage
 h - 13 potions of might
 j - 7 potions of haste
 m - 6 potions of cancellation
 u - 7 potions of brilliance
 z - 16 potions of ambrosia
 B - 24 potions of curing
 D - 5 potions of magic
 E - 9 potions of flight
 G - 3 potions of mutation
 H - 5 potions of resistance
 I - 8 potions of lignification
 L - 3 potions of attraction
Miscellaneous
 e - a piece from Xom's chessboard (15/15)
 o - a phial of floods
 v - a condenser vane
 J - a phantom mirror
 O - a box of beasts
 S - a tin of tremorstones (2/2)
 V - a lightning rod (4/4)


   Skills:
 O Level 27 Fighting
 + Level 22.7 Maces & Flails
 + Level 18.3 Throwing
 - Level 9.3 Armour
 - Level 10.3 Dodging
 - Level 0.6 Stealth
 - Level 12.0 Spellcasting
 - Level 5.0 Air Magic
 - Level 14.3 Evocations


You had 47 spell levels left.
You knew the following spells:

 Your Spells              Type           Power      Damage    Failure   Level
a - Swiftness             Air            25%        N/A       6%          3

Your spell library contained the following spells:

 Spells                   Type           Power      Damage    Failure   Level
 Shock                    Conj/Air       68%        1d7       6%          1
 Corpse Rot               Necr/Air       N/A        N/A       9%          2
 Poisonous Vapours        Pois/Air       34%        N/A       9%          2
 Static Discharge         Conj/Air       17%        N/A       9%          2
 Beastly Appendage        Tmut           18%        N/A       16%         1
 Corona                   Hex            10%        N/A       16%         1
 Foxfire                  Conj/Fire      36%        2x1d5     16%         1
 Airstrike                Air            12%        N/A       19%         4
 Ensorcelled Hibernation  Hex/Ice        18%        N/A       22%         2
 Passwall                 Tmut/Erth      7%         N/A       22%         2
 Call Canine Familiar     Summ           9%         N/A       38%         3
 Conjure Flame            Conj/Fire      9%         6-21      38%         3
 Dazzling Flash           Conj/Hex       18%        N/A       38%         3
 Gell's Gravitas          Tloc           4%         N/A       38%         3
 Ignite Poison            Fire/Tmut/Pois 9%         N/A       38%         3
 Inner Flame              Hex/Fire       9%         N/A       38%         3
 Lesser Beckoning         Tloc           4%         N/A       38%         3
 Portal Projectile        Hex/Tloc       18%        N/A       38%         3
 Spider Form              Tmut/Pois      4%         N/A       38%         3
 Teleport Other           Tloc           9%         N/A       38%         3
 Tukima's Dance           Hex            9%         N/A       38%         3
 Summon Lightning Spire   Summ/Air       17%        N/A       45%         4
 Animate Armour           Summ/Erth      18%        N/A       78%         4
 Dispel Undead            Necr           9%         3d8       78%         4
 Hailstorm                Conj/Ice       9%         3d4       78%         4
 Ice Form                 Ice/Tmut       9%         N/A       78%         4
 Leda's Liquefaction      Hex/Erth       4%         N/A       78%         4
 Sticky Flame             Conj/Fire      9%         2d3       78%         4
 Lightning Bolt           Conj/Air       8%         1d21      78%         5
 Freezing Cloud           Conj/Ice/Air   7%         6-21      87%         5
 Blade Hands              Tmut           4%         N/A       98%         5
 Borgnjor's Vile Clutch   Necr/Erth      4%         N/A       98%         5
 Excruciating Wounds      Necr           4%         N/A       98%         5
 Fireball                 Conj/Fire      4%         3d4       98%         5
 Iskenderun's Battlesphe  Conj           9%         2d6       98%         5
 Yara's Violent Unravell  Hex/Tmut       4%         3d4       98%         5
 Conjure Ball Lightning   Conj/Air       8%         3x3d6     100%        6
 Dispersal                Tloc           4%         N/A       100%        6
 Invisibility             Hex            4%         N/A       100%        6
 Iron Shot                Conj/Erth      4%         9d2       100%        6
 Shadow Creatures         Summ           N/A        N/A       100%        6
 Simulacrum               Ice/Necr       4%         N/A       100%        6
 Statue Form              Tmut/Erth      6%         N/A       100%        6
 Monstrous Menagerie      Summ           4%         N/A       100%        7
 Orb of Destruction       Conj           4%         9d2       100%        7
 Chain Lightning          Conj/Air       8%         3d11      100%        9


Dungeon Overview and Level Annotations

Branches:
Dungeon (15/15)            Temple (1/1) D:4            Lair (6/6) D:10
  Swamp (4/4) Lair:2       Spider (4/4) Lair:3        Slime (0/5) Lair:6
    Orc (2/2) D:11            Elf (3/3) Orc:2        Vaults (4/5) D:14
  Crypt (3/3) Vaults:3       Tomb (0/3) Crypt:3      Depths (5/5) D:15
 Bailey (visited)
    Zot: Depths:5

Altars:
Ashenzari
Cheibriados
Dithmenos
Elyvilon
Fedhas
Gozag
Hepliaklqana
Kikubaaqudgha
Makhleb
Nemelex Xobeh
Okawaru
Qazlal
Ru
Sif Muna
Trog
Uskayaw
Vehumet
Wu Jian
Xom
Yredelemnul
Zin
The Shining One

Shops:
D:4 *!!=[   D:7 *   Orc:2 :*[!   Elf:2 *   Elf:3 :   Vaults:3 *   Depths:1 :
Depths:2 !   Depths:3 **=?   Depths:5 (

Portals:
Hell: Depths:1 Depths:2 Depths:3 Depths:4 Depths:5
Abyss: Lair:2 Depths:4
Pandemonium: Depths:2 Depths:3 Depths:4
Ziggurat: Depths:2
Trove: Depths:2 (give horn of Geryon)

Annotations:
Elf:2 3 runed translucent doors
Depths:1 exclusion: orange crystal statue
Depths:5 1 transporter


Innate Abilities, Weirdness & Mutations

You are too large for most types of armour.
You have tough skin. (AC +1)
You are covered in fur. (AC +1)
Your spells are a little harder to cast, but a little more powerful.
You evolve.


Message History

You puncture the ice dragon!
The ice dragon is lightly wounded.
You spit the ice dragon like a pig!!!
The ice dragon is severely wounded.
The great orb of eyes completely misses you.
The ice dragon misses you. The ice dragon claws you.
* * * LOW HITPOINT WARNING * * *
The ice dragon tramples you!
* * * LOW HITPOINT WARNING * * *
You hold your ground!
You pound the ice dragon like an anvil!!!
You kill the ice dragon!
Press: ? - help, v - describe, . - travel
Here: a caustic shrike The floor, spattered with blood.
You splatter the great orb of eyes into a gooey mess!!!!
You kill the great orb of eyes!
You feel the corruption within you wane completely.
You feel more energetic.
You feel robust. x2
You bludgeon the caustic shrike!!
The caustic shrike is moderately wounded.
The caustic shrike claws you!
* * * LOW HITPOINT WARNING * * *
The acid corrodes you!
You are splashed with acid!
* * * LOW HITPOINT WARNING * * *
You barely miss the caustic shrike.
The caustic shrike is moderately wounded.
You miss the caustic shrike.
The caustic shrike is moderately wounded.
The caustic shrike claws you.
* * * LOW HITPOINT WARNING * * *
The acid corrodes you!
You are splashed with acid!
* * * LOW HITPOINT WARNING * * *
You hammer the caustic shrike like a gong!!!
The caustic shrike is severely wounded.
The caustic shrike claws you!
* * * LOW HITPOINT WARNING * * *
The acid corrodes you!
You are splashed with acid!
You die...
Your body crumbles into a pile of gold.

##...##..<.'..............
###∩###(...##'#.....#.....
##### #<.###..##.....#....
##≈≈≈ ######...'..........
#≈^≈# #....#..........
≈≈∩≈≈ #∩..)#..........
∩... #######......... ..P.
≈ ##..##........ ..
≈≈≈##:.$@b........ .⌠
©^≈#©[..$#..#..... ..
≈≈≈##(...+..#.#... .P ≈#
##..##....# #. ..
####...... ∩. ........
........ .......


You could see a caustic shrike.

Vanquished Creatures
  3 juggernauts
  Mara (Depths:1)
  A caustic shrike (Depths:4)
  Frederick (Crypt:3)
  Saint Roka (Depths:2)
  Nikola (Swamp:3)
  5 bone dragons
  A Brimstone Fiend (Depths:2)
  2 deep elf master archers (Elf:3)
  5 liches
  Asterion (Elf:1)
  A tentacled monstrosity (Depths:5)
  2 deep elf blademasters (Elf:3)
  A tentacled starspawn (Abyss:2)
  A titan (Depths:1)
  4 sphinxes
  3 ancient champions
  A thorn hunter (Swamp:4)
  Donald (Swamp:1)
  3 tengu reavers
  Roxanne (Swamp:2)
  A daeva (Depths:2)
  2 revenants (Crypt:3)
  7 fire giants
  A balrug (Depths:2)
  12 vault wardens
  8 ghost moths
  10 emperor scorpions
  Louise (Swamp:4)
  7 deep elf sorcerers
  5 frost giants
  Aizul (Swamp:4)
  A cacodemon (Depths:2)
  A curse skull (Crypt:1)
  A juggernaut skeleton (Crypt:2)
  16 very ugly things
  A deep elf elementalist (Elf:3)
  8 ghouls
  A spriggan defender (Depths:5)
  9 stone giants
  A war gargoyle (Vaults:3)
  4 reapers
  13 ironbound preservers
  6 vampire knights
  6 dire elephants
  10 entropy weavers
  An entropy weaver (shapeshifter) (Vaults:3)
  5 deep elf demonologists
  A red draconian (Depths:3)
  Azrael (Elf:1)
  7 bunyips
  14 eidola
  8 deep elf annihilators
  6 deep elf death magi
  A green death (Depths:2)
  3 crystal guardians
  6 spark wasps
  A quicksilver dragon zombie (Crypt:2)
  7 ettins
  A mummy priest (Crypt:3)
  6 blizzard demons
  3 merfolk impalers
  7 yaktaur captains
  6 jiangshi
  2 eleionomae
  2 deep elf high priests
  8 great orbs of eyes
  A spectral quicksilver dragon (Crypt:3)
  10 fire dragons
  A spectral golden dragon (Crypt:3)
  4 merfolk javelineers
  A shambling mangrove (Swamp:3)
  5 rakshasas
  9 boulder beetles
  7 ironbound thunderhulks
  3 peacekeepers
  8 ice dragons
  16 hydras
  3 spriggan air magi
  13 vault guards
  2 ghost crabs (Swamp:4)
  An ogre mage (D:15)
  A catoblepas (D:14)
  The ghost of pkoi the Blocker, a journeyman MiFi of Okawaru (Lair:2)
  A fenstrider witch zombie (Crypt:3)
  A quicksilver dragon skeleton (Crypt:2)
  A centaur warrior (D:15)
  9 ironbound frosthearts
  A merfolk aquamancer (Depths:3)
  6 death knights
  A spectral frost giant (Crypt:3)
  2 alligator snapping turtles (Depths:3)
  9 tengu warriors
  11 alligators
  A death yak (Lair:5)
  9 two-headed ogres
  3 deep troll earth magi
  3 spectral fire giants (Crypt:3)
  4 deep troll shamans
  3 spriggan berserkers
  4 vampire magi
  3 spectral storm dragons (Crypt:3)
  4 orc high priests
  6 ironbound beastmasters
  3 soul eaters
  6 deep elf knights
  13 hell knights
  10 shadow wraiths
  A titan skeleton (Crypt:3)
  A spectral emperor scorpion (Crypt:3)
  36 skeletal warriors
  A sun demon (Depths:3)
  3 iron trolls
  2 goliath frogs
  2 golden dragon zombies (Crypt:2)
  A shadow demon (Depths:4)
  9 flayed ghosts
  2 glowing orange brains
  34 deep trolls
  A spriggan druid (Swamp:2)
  4 swamp dragons
  A spectral iron dragon (Crypt:3)
  2 death drakes
  A spectral hydra (Swamp:4)
  An iron giant skeleton (Crypt:2)
  An infernal demonspawn (Depths:4)
  14 ironbound convokers
  14 bog bodies
  4 deep elf archers
  11 wizards
  6 orc knights
  22 deep elf pyromancers
  An orange crystal statue (Elf:1)
  17 phantasmal warriors
  6 harpies
  16 deep elf zephyrmancers
  5 necromancers
  4 lindwurms
  23 orb spiders
  2 stone giant zombies
  A goliath frog zombie (Crypt:2)
  4 will-o-the-wisps
  32 wolf spiders
  61 ugly things
  A spectral ettin (Crypt:3)
  2 oklob plants
  A shadow dragon skeleton (Depths:1)
  7 orc sorcerers
  6 manticores
  A sphinx skeleton (Depths:1)
  16 elephants
  Maurice (D:11)
  3 moths of wrath
  3 stone giant skeletons
  9 cyclopes
  An ice statue (D:9)
  A torpor snail (shapeshifter) (D:15)
  2 black mambas (Depths:3)
  3 torpor snails
  12 vault sentinels
  3 rust devils
  10 cane toads
  An orange demon (Lair:2)
  An alligator snapping turtle zombie (Crypt:2)
  3 gargoyles
  4 swamp worm zombies (Swamp:4)
  A hellion (Depths:2)
  9 komodo dragons
  6 tengu conjurers
  An efreet (D:15)
  47 yaktaurs
  A hellwing (Depths:4)
  4 rime drakes
  11 demonic crawlers
  4 ice devils
  27 freezing wraiths
  8 guardian mummies
  A harpy zombie (Crypt:1)
  A spectral harpy (Crypt:3)
  A hydra zombie (Swamp:4)
  A queen bee (D:12)
  7 polar bears
  6 meliai
  4 trolls
  A meliai (shapeshifter) (D:13)
  36 jumping spiders
  24 hornets
  4 tyrant leeches
  3 raiju (Abyss:2)
  2 alligator zombies (Swamp:4)
  28 slime creatures
  5 spectral swamp dragons (Swamp:4)
  8 dream sheep (Lair:6)
  A deep troll zombie (Depths:1)
  15 blink frogs
  An ice dragon zombie (Depths:1)
  A fire giant simulacrum (Vaults:3)
  4 snapping turtles (D:14)
  An air elemental (Elf:2)
  A centaur simulacrum (D:14)
  79 redbacks
  A tarantella (shapeshifter) (D:14)
  29 tarantellas
  34 spriggans
  4 shadows
  3 large abominations
  57 yaks
  10 water elementals
  8 wraiths
  2 vampires (Depths:3)
  Grum (D:8)
  A steam dragon (shapeshifter) (Lair:2)
  A chaos spawn (Depths:2)
  2 steam dragons
  8 fire elementals
  A neqoxec (Depths:4)
  8 basilisks
  21 vampire mosquitoes
  2 wargs
  2 acid dragons
  11 swamp worms
  A water moccasin (shapeshifter) (Elf:3)
  18 water moccasins
  A spectral troll (Crypt:3)
  A floating eye (Depths:5)
  3 swamp drakes
  A dream sheep zombie (Crypt:3)
  2 hell hounds (Elf:1)
  4 ice beasts
  32 orc warriors
  5 black bears
  2 ettin simulacra
  An ogre (shapeshifter) (Elf:3)
  9 ogres
  A fire dragon simulacrum (Crypt:3)
  5 necrophages
  7 swamp dragon zombies
  4 sky beasts
  30 wolves
  12 centaurs
  12 boggarts
  2 small abominations
  4 phantoms (Swamp:4)
  A rime drake skeleton (Crypt:1)
  A yaktaur zombie (Crypt:2)
  6 bullfrogs
  An earth elemental (Elf:1)
  A gnoll sergeant (D:10)
  A palentonga skeleton (Crypt:3)
  2 wyvern zombies (D:6)
  A wyvern skeleton (D:7)
  6 scorpions
  A queen bee zombie (Crypt:3)
  A water moccasin skeleton (D:5)
  31 killer bees
  2 spriggan skeletons
  2 howler monkeys
  13 electric eels
  2 bullfrog zombies (D:5)
  A wolf skeleton (Crypt:2)
  5 centaur zombies
  2 centaur skeletons
  5 jellies
  A gnoll shaman (D:7)
  2 bullfrog skeletons
  2 human zombies (Crypt:1)
  19 orc priests
  13 hounds
  6 iguanas
  Natasha (thrice) (D:3)
  25 orc wizards
  A spectral swamp drake (Swamp:4)
  A human skeleton (Crypt:1)
  5 hell rats (Lair:4)
  A killer bee zombie (D:8)
  An ogre zombie (Crypt:3)
  A deep dwarf skeleton (Crypt:1)
  A tengu skeleton (Crypt:1)
  A hound skeleton (D:4)
  6 mummies
  2 howler monkey skeletons (D:5)
  2 howler monkey zombies
  14 adders
  27 gnolls
  A swamp drake zombie (Swamp:4)
  2 shadow imps (D:5)
  A white imp (Vaults:4)
  2 ufetubi (D:5)
  An iguana zombie (Crypt:1)
  An adder skeleton (D:4)
  A worm (D:4)
  6 dart slugs
  74 orcs
  7 endoplasms
  5 giant cockroaches
  9 goblins
  10 hobgoblins
  11 jackals
  4 quokkas
  3 ball pythons
  16 bats
  3 frilled lizards
  A hobgoblin zombie (D:6)
  13 kobolds
  A kobold skeleton (Crypt:3)
  2 kobold zombies (D:6)
  An orc zombie (D:6)
  2 rats
  A river rat skeleton (Crypt:1)
2020 creatures vanquished.

Vanquished Creatures (collateral kills)
  2 jiangshi (Crypt:1)
  A two-headed ogre (D:15)
  A death knight (Crypt:1)
  A centaur warrior (D:13)
  An orc knight (D:13)
  A redback (Lair:3)
  An ogre (D:4)
  A centaur (D:13)
  An orc wizard (D:4)
  2 orcs (D:5)
  A quokka (D:2)
13 creatures vanquished.

Vanquished Creatures (others)
  A fire giant (Depths:1)
  14 dancing weapons
  A deep elf archer (Elf:1)
  4 bloated husks
  A hornet (Swamp:1)
  An air elemental (Elf:1)
  A swamp worm (Swamp:4)
  2 phantoms (Swamp:4)
  A hound (D:5)
  A gnoll (D:2)
  A ball python (D:2)
  A briar patch (Swamp:4)
  28 foxfires
  40 fungi
  55 plants
152 creatures vanquished.

Grand Total: 2185 creatures vanquished

Notes
Turn   | Place    | Note
-------+----------+-------------------------------------------
     0 | D:1      | bearlyready the Ogre Artificer began the quest for the Orb.
     0 | D:1      | Reached XP level 1. HP: 19/19 MP: 1/1
   140 | D:1      | Reached skill level 1 in Maces & Flails
   295 | D:1      | Reached XP level 2. HP: 18/27 MP: 2/2
   652 | D:1      | Found a faded altar of an unknown god.
   975 | D:1      | Reached XP level 3. HP: 14/33 MP: 3/3
  1627 | D:2      | Reached XP level 4. HP: 21/41 MP: 4/4
  2778 | D:3      | Noticed Natasha
  2792 | D:3      | Killed Natasha
  2793 | D:3      | Reached XP level 5. HP: 21/48 MP: 5/5
  3084 | D:3      | Noticed Natasha
  3109 | D:3      | Killed Natasha
  3119 | D:3      | Noticed Natasha
  3135 | D:3      | Killed Natasha
  3394 | D:3      | Reached skill level 5 in Maces & Flails
  3458 | D:3      | Reached XP level 6. HP: 48/55 MP: 6/6
  4848 | D:4      | Found Nebredin's Armour Emporium.
  4894 | D:4      | Reached XP level 7. HP: 56/62 MP: 7/7
  5109 | D:4      | Found Heanept's Jewellery Boutique.
  5354 | D:5      | Entered Level 5 of the Dungeon
  5388 | D:5      | HP: 3/62 [ufetubus (3)]
  6121 | D:5      | Found a sparkling altar of Nemelex Xobeh.
  6264 | D:5      | Reached skill level 2 in Fighting
  6294 | D:5      | Reached skill level 3 in Fighting
  6294 | D:5      | Reached XP level 8. HP: 66/75 MP: 8/8
  6448 | D:5      | Reached skill level 4 in Fighting
  6511 | D:5      | Reached skill level 1 in Throwing
  8075 | D:4      | Reached XP level 9. HP: 84/84 MP: 9/9
  8355 | D:4      | Found a staircase to the Ecumenical Temple.
  8377 | D:4      | Found Niuces's Distillery.
  8394 | Temple   | Entered the Ecumenical Temple
  8706 | Temple   | Became a worshipper of Gozag Ym Sagoz the Greedy
  8814 | D:4      | Bought a potion of curing for 36 gold pieces
  8814 | D:4      | Bought 2 potions of curing for 72 gold pieces
  8814 | D:4      | Bought a potion of invisibility for 96 gold pieces
  8852 | D:4      | Found Wuhuthra's Distillery.
  8857 | D:4      | Bought a potion of haste for 100 gold pieces
  8857 | D:4      | Bought a potion of curing for 30 gold pieces
  8910 | D:4      | Found Niofoi's General Store.
  8918 | D:4      | Bought a scroll of identify for 26 gold pieces
  9079 | D:6      | Reached skill level 5 in Throwing
  9755 | D:6      | Reached skill level 10 in Maces & Flails
 10981 | D:6      | Found a sacrificial altar of Ru.
 11957 | D:7      | Found Ywimaze's Neck Hole.
 12012 | D:6      | Found a shimmering altar of Xom.
 12494 | D:7      | Reached XP level 10. HP: 42/92 MP: 10/10
 13680 | D:8      | Noticed Grum
 15112 | D:8      | Killed Grum
 15668 | D:4      | Bought the +4 moon troll leather armour {Spirit, Regen++
                  | MP+5} for 763 gold pieces
 15668 | D:4      | Found the +4 moon troll leather armour {Spirit, Regen++
                  | MP+5}
 15969 | D:9      | Noticed an ice statue
 16306 | D:9      | Found an iron altar of Okawaru.
 16421 | D:9      | Noticed a two-headed ogre
 16452 | D:9      | Killed a two-headed ogre
 16607 | D:9      | Noticed a two-headed ogre
 16649 | D:9      | Killed a two-headed ogre
 16650 | D:9      | Reached skill level 5 in Fighting
 16830 | D:9      | Reached XP level 11. HP: 76/105 MP: 9/11
 17098 | D:10     | Entered Level 10 of the Dungeon
 17105 | D:10     | Reached skill level 6 in Fighting
 17493 | D:10     | Found a staircase to the Lair.
 17889 | D:10     | Reached skill level 7 in Fighting
 18218 | Lair:1   | Entered Level 1 of the Lair of Beasts
 18349 | D:11     | Found a snail-covered altar of Cheibriados.
 18382 | D:11     | Noticed a cyclops
 18391 | D:11     | Killed a cyclops
 18425 | D:11     | Noticed Maurice
 18444 | D:11     | Killed Maurice
 18474 | D:11     | Noticed a cyclops
 18480 | D:11     | Killed a cyclops
 18490 | D:11     | Found a staircase to the Orcish Mines.
 18497 | D:11     | Noticed a six-headed hydra
 18582 | D:11     | Killed a six-headed hydra
 18583 | D:11     | Reached skill level 8 in Fighting
 18583 | D:11     | Reached skill level 5 in Evocations
 18650 | D:11     | Found a flagged portal.
 18680 | Bailey   | Entered a bailey
 18850 | Bailey   | Noticed an orc knight
 19099 | Bailey   | Killed an orc knight
 19233 | Bailey   | Identified the +1 plate armour of the Unseen Realm {Harm
                  | Fly rF+++ Slay-2}
 19247 | Bailey   | Noticed an orc knight
 19259 | Bailey   | Killed an orc knight
 19260 | Bailey   | Reached skill level 9 in Fighting
 19260 | Bailey   | Reached XP level 12. HP: 77/123 MP: 9/12
 19442 | D:11     | Noticed a two-headed ogre
 19459 | D:11     | Killed a two-headed ogre
 19983 | D:4      | Bought the amulet of Ocohamam {RegenMP Regen+ Str+2 Slay+3}
                  | for 699 gold pieces
 20489 | D:12     | Reached skill level 1 in Spellcasting
 20505 | D:12     | Noticed a death knight
 20722 | Lair:1   | Reached skill level 1 in Armour
 20750 | Lair:1   | Reached skill level 10 in Fighting
 21159 | Lair:1   | Noticed a seven-headed hydra
 21176 | Lair:1   | Killed a seven-headed hydra
 21526 | Lair:2   | Found a transporter.
 21535 | Lair:2   | Found a transporter.
 21569 | Lair:2   | Noticed pkoi's ghost (journeyman MiFi)
 21574 | Lair:2   | Found a one-way gate to the infinite horrors of the Abyss.
 21583 | Lair:2   | Noticed a five-headed hydra
 21613 | Lair:2   | Killed a five-headed hydra
 21680 | Lair:2   | Found a staircase to the Swamp.
 21959 | Lair:2   | Noticed a seven-headed hydra
 21974 | Lair:2   | Killed a seven-headed hydra
 22016 | Lair:2   | Reached XP level 13. HP: 136/136 MP: 19/19
 22331 | Lair:3   | Reached skill level 11 in Fighting
 22430 | Lair:3   | Identified the amulet "Qomythim" {Spirit Str+4}
 22660 | Lair:3   | Reached skill level 5 in Dodging
 23002 | Lair:3   | Found a hole to the Spider Nest.
 23278 | Lair:4   | Identified a scroll of acquirement
 23280 | Lair:4   | Acquired the +0 mask of the Dragon {Will+ Slay+3 SInv}
 23280 | Lair:4   | Found the +0 mask of the Dragon {Will+ Slay+3 SInv}
 24002 | Lair:5   | Reached skill level 12 in Fighting
 24430 | Lair:5   | Reached skill level 5 in Armour
 24494 | Lair:5   | Reached XP level 14. HP: 94/150 MP: 13/20
 24915 | Lair:6   | Entered Level 6 of the Lair of Beasts
 25163 | Lair:6   | Reached skill level 13 in Fighting
 26170 | Lair:6   | Reached skill level 15 in Maces & Flails
 26424 | Lair:2   | Killed pkoi's ghost
 26760 | D:12     | Reached XP level 15. HP: 149/162 MP: 21/21
 26954 | D:12     | Reached skill level 14 in Fighting
 27239 | D:13     | Identified the ring of Yredelemnul's Hope {rElec rPois rF+
                  | rC+ Dex+4}
 27269 | D:14     | Acquired a manual of Evocations
 27715 | D:13     | Reached skill level 10 in Throwing
 28693 | D:14     | Reached skill level 10 in Evocations
 28732 | D:14     | Found a gate to the Vaults.
 29004 | D:14     | Reached skill level 15 in Fighting
 29658 | D:15     | Entered Level 15 of the Dungeon
 29788 | D:15     | Reached XP level 16. HP: 127/176 MP: 14/22
 30482 | D:15     | Found a staircase to the Depths.
 30918 | Orc:1    | Entered Level 1 of the Orcish Mines
 31051 | Orc:1    | Gained mutation: You are frail. (-10% HP) [a neqoxec]
 31084 | Orc:1    | Reached skill level 16 in Fighting
 31491 | Orc:2    | Entered Level 2 of the Orcish Mines
 31621 | Orc:2    | Found a staircase to the Elven Halls.
 32054 | Orc:2    | Found Ulyseoh's Distillery.
 32054 | Orc:2    | Found Igetsouj's Book Emporium.
 32085 | Orc:2    | Found Cuseov's Antique Armour Shop.
 32085 | Orc:2    | Found Bosen's Assorted Antiques.
 32091 | Orc:2    | Bought 2 potions of experience for 1600 gold pieces
 32091 | Orc:2    | Bought a potion of haste for 160 gold pieces
 32091 | Orc:2    | Bought a potion of curing for 48 gold pieces
 32091 | Orc:2    | Bought 2 potions of heal wounds for 160 gold pieces
 32091 | Orc:2    | Bought a potion of invisibility for 128 gold pieces
 32091 | Orc:2    | Reached XP level 17. HP: 170/170 MP: 23/23
 32092 | Orc:2    | Reached skill level 17 in Fighting
 32092 | Orc:2    | Reached XP level 18. HP: 180/180 MP: 24/24
 32095 | Orc:2    | Bought an embroidered cloak for 225 gold pieces
 32109 | Orc:2    | Bought a potion of ambrosia for 256 gold pieces
 32109 | Orc:2    | Bought a potion of might for 128 gold pieces
 32479 | D:4      | Bought a ring of flight for 227 gold pieces
 32685 | Swamp:1  | Entered Level 1 of the Swamp
 33184 | Swamp:1  | Noticed Donald
 33189 | Swamp:1  | Killed Donald
 33472 | Swamp:2  | Reached XP level 19. HP: 189/189 MP: 25/25
 33477 | Swamp:2  | Identified Roxanne's Disquisition on Changing
 33477 | Swamp:2  | Noticed Roxanne
 33495 | Swamp:2  | Killed Roxanne
 33508 | Swamp:2  | Reached skill level 18 in Fighting
 34687 | Swamp:3  | Noticed Nikola
 34696 | Swamp:3  | Killed Nikola
 34850 | Swamp:4  | Entered Level 4 of the Swamp
 35176 | Swamp:4  | Noticed Aizul
 35182 | Swamp:4  | Noticed Louise
 35327 | Swamp:4  | Killed Louise
 35371 | Swamp:4  | Killed Aizul
 35664 | Swamp:4  | Noticed a bone dragon
 35681 | Swamp:4  | Killed a bone dragon
 35828 | Swamp:4  | Got a decaying rune of Zot
 35972 | Spider:1 | Entered Level 1 of the Spider Nest
 36158 | Lair:3   | Lost mutation: You are frail. (-10% HP) [potion of
                  | mutation]
 36158 | Lair:3   | Gained mutation: Your body sometimes deteriorates upon
                  | taking damage. [potion of mutation]
 36158 | Lair:3   | Gained mutation: You have a pair of small antennae on your
                  | head. [potion of mutation]
 36323 | Spider:1 | Reached skill level 19 in Fighting
 36413 | Spider:1 | You fall into a shaft and drop 1 floor!
 36481 | Spider:1 | HP: 7/215 [entropy weaver (4)]
 36595 | Spider:1 | Acquired the ring of the Traitor {rF+ rC+ rCorr Int+4}
 37059 | Spider:2 | Reached XP level 20. HP: 140/226 MP: 21/26
 37386 | Spider:2 | Identified the +0 kite shield of the Enchanted Forest
                  | {-Tele Will+++ Str+5}
 38210 | Spider:3 | Reached skill level 5 in Spellcasting
 38710 | Spider:4 | Entered Level 4 of the Spider Nest
 38921 | Spider:4 | Reached skill level 20 in Fighting
 39983 | Spider:4 | Got a gossamer rune of Zot
 40042 | Spider:4 | Acquired 1228 gold pieces
 40327 | Lair:6   | Found a staircase to the Slime Pits.
 40590 | Vaults:1 | Entered Level 1 of the Vaults
 40627 | D:14     | Reached skill level 21 in Fighting
 40756 | Vaults:1 | Reached XP level 21. HP: 229/241 MP: 31/31
 41039 | Vaults:1 | Learned a level 3 spell: Swiftness
 41167 | Vaults:1 | Reached skill level 1 in Air Magic
 43376 | Vaults:2 | Reached skill level 5 in Air Magic
 43384 | Vaults:2 | Reached skill level 22 in Fighting
 43818 | Vaults:2 | Reached XP level 22. HP: 202/254 MP: 30/35
 44605 | Vaults:3 | Found a staircase to the Crypt.
 44625 | Vaults:3 | Found Xamaoxe's Assorted Antiques.
 44633 | Vaults:3 | Bought a scroll of summoning for 209 gold pieces
 44688 | Vaults:3 | Reached skill level 10 in Spellcasting
 46337 | Vaults:4 | Reached XP level 23. HP: 215/266 MP: 35/37
 46989 | Crypt:1  | Entered Level 1 of the Crypt
 47416 | Crypt:1  | Reached skill level 10 in Dodging
 48061 | Crypt:2  | Reached skill level 23 in Fighting
 49035 | Crypt:2  | Lost mutation: You have a pair of small antennae on your
                  | head. [potion of mutation]
 49035 | Crypt:2  | Lost mutation: Your body sometimes deteriorates upon taking
                  | damage. [potion of mutation]
 49035 | Crypt:2  | Gained mutation: You are frail. (-10% HP) [potion of
                  | mutation]
 49035 | Crypt:2  | Gained mutation: You evolve. [potion of mutation]
 49035 | Crypt:2  | Lost mutation: You are frail. (-10% HP) [potion of
                  | mutation]
 49035 | Crypt:2  | Gained mutation: You are covered in fur. (AC +1) [potion of
                  | mutation]
 49550 | Elf:1    | Entered Level 1 of the Elven Halls
 49552 | Elf:1    | Noticed Azrael
 49559 | Elf:1    | Killed Azrael
 49590 | Elf:1    | Noticed Asterion
 49652 | Elf:1    | Killed Asterion
 50659 | Elf:1    | Got the Disquisition on Arcane Weapons
 50709 | Elf:2    | Found a radiant altar of Vehumet.
 50739 | Elf:2    | Found Imuorur's General Store.
 50760 | Elf:2    | Bought a scroll of enchant armour for 105 gold pieces
 50760 | Elf:2    | Bought a scroll of silence for 105 gold pieces
 50760 | Elf:2    | Bought a scroll of teleportation for 42 gold pieces
 50760 | Elf:2    | Bought a wand of charming (8) for 140 gold pieces
 50760 | Elf:2    | Bought a wand of mindburst (5) for 126 gold pieces
 51024 | Elf:2    | Reached XP level 24. HP: 271/272 MP: 37/37
 51341 | Elf:2    | Found a runed translucent gate.
 51342 | Elf:2    | Found a runed translucent gate.
 51342 | Elf:2    | Found a runed translucent gate.
 51439 | Elf:3    | Entered Level 3 of the Elven Halls
 51685 | Elf:3    | Found Isueduwk's Book Shop.
 51947 | Elf:3    | Reached skill level 24 in Fighting
 51982 | Elf:2    | Gained mutation: Your spells are a little harder to cast,
                  | but a little more powerful. [evolution]
 52224 | Elf:3    | Reached XP level 25. HP: 136/292 MP: 20/37
 52418 | Elf:3    | Reached skill level 15 in Throwing
 52453 | Elf:3    | Identified the ring of Secrets {Ice MP+9 Dex+3}
 52463 | Elf:3    | Identified the +4 triple sword of Imbalance {flame, rElec
                  | Str+3 Dex+4}
 52537 | Elf:3    | Identified the ring "Enorphah" {rN++ Str-4 Dex+6 Slay+6}
 52586 | Elf:3    | Got Luzxogg's Collected Works on Enchanting Clay
 53240 | Crypt:3  | Entered Level 3 of the Crypt
 53283 | Crypt:3  | Noticed Frederick
 53332 | Crypt:3  | Killed Frederick
 53366 | Crypt:3  | Found an ancient bone altar of Kikubaaqudgha.
 53812 | Crypt:3  | Got the Tome of Feathery Intoxication
 54380 | Crypt:3  | Got Voroif's Collected Works on Calling and Sinister
                  | Rituals
 54455 | Crypt:3  | Reached skill level 25 in Fighting
 54912 | Crypt:3  | Found a staircase to the Tomb.
 55208 | Depths:1 | Entered Level 1 of the Depths
 55254 | Depths:1 | Found Iddoref's One-of-a-Kind Books.
 55355 | Depths:1 | Reached XP level 26. HP: 276/305 MP: 35/37
 56220 | Depths:1 | Found the +5 scythe "Finisher" {speed, eviscerate}
 56254 | Depths:1 | Noticed Mara
 56271 | Depths:1 | Killed Mara
 56379 | Depths:1 | Found a gateway to Hell.
 56884 | Depths:2 | Found a portal to a secret trove of treasure.
 56996 | Depths:2 | Found a burning altar of Makhleb.
 57033 | Depths:2 | Identified the amulet of Sophism {Spirit Int+3}
 57162 | Depths:2 | Noticed Saint Roka
 57171 | Depths:2 | Killed Saint Roka
 57355 | Depths:2 | Reached skill level 26 in Fighting
 57499 | Depths:2 | Found a one-way gate leading to the halls of Pandemonium.
 57558 | Depths:2 | Found Weirched's Distillery.
 57578 | Depths:2 | Bought a potion of curing for 63 gold pieces
 57578 | Depths:2 | Bought a potion of might for 84 gold pieces
 57578 | Depths:2 | Bought a potion of haste for 210 gold pieces
 57700 | Depths:2 | Found a gateway to a ziggurat.
 57763 | Depths:2 | Found a bloodstained altar of Trog.
 58222 | Depths:3 | Found Mitz's General Store.
 58239 | Depths:3 | Found Xuinasob's Jewellery Boutique.
 58239 | Depths:3 | Found Cokes's Assorted Antiques.
 58287 | Depths:3 | Found a large runed translucent door.
 58287 | Depths:3 | Found a large runed translucent door.
 58458 | Depths:3 | Found Qimoib's Magic Scroll Boutique.
 58460 | Depths:3 | Bought a potion of might for 76 gold pieces
 58463 | Depths:3 | Bought a scroll of acquirement for 1872 gold pieces
 58463 | Depths:3 | Bought a scroll of teleportation for 108 gold pieces
 58463 | Depths:3 | Bought a potion of curing for 108 gold pieces
 58463 | Depths:3 | Bought a wand of iceblast (8) for 144 gold pieces
 58463 | Depths:3 | Acquired a manual of Spellcasting
 58468 | Depths:3 | Bought a scroll of acquirement for 676 gold pieces
 58468 | Depths:3 | Bought a scroll of enchant armour for 97 gold pieces
 58468 | Depths:3 | Bought a scroll of teleportation for 39 gold pieces
 58468 | Depths:3 | Bought 2 scrolls of teleportation for 78 gold pieces
 58468 | Depths:3 | Bought a scroll of magic mapping for 45 gold pieces
 58468 | Depths:3 | Acquired 777 gold pieces
 59129 | Depths:3 | Reached XP level 27. HP: 269/319 MP: 36/38
 59915 | Depths:4 | Noticed a juggernaut
 59923 | Depths:4 | Killed a juggernaut
 60086 | Depths:5 | Entered Level 5 of the Depths
 60086 | Depths:5 | Noticed a juggernaut
 60092 | Depths:5 | Killed a juggernaut
 60144 | Depths:5 | Found Sooquw's Antique Weapon Shop.
 60214 | Depths:5 | Paralysed by a floating eye for 3 turns
 60247 | Depths:5 | Noticed a juggernaut
 60253 | Depths:5 | Killed a juggernaut
 60254 | Depths:5 | Reached skill level 27 in Fighting
 60310 | Depths:5 | Cast into level 2 of the Abyss (spriggan defender)
 60371 | Abyss:2  | Acquired the +2 hat "Qikkoora" {Will+}
 60456 | Depths:5 | Escaped the Abyss
 60464 | Depths:5 | Found a transporter.
 60475 | Depths:5 | HP: 22/484 [acid (7)]
 60478 | Depths:5 | HP: 1/484 [caustic shrike (15)]
 60478 | Depths:5 | Splashed by a caustic shrike's acid

Illustrated notes

Levels and vault maps discovered:
D:1:      lightli_arrival_isolated_outpost, layout_basic,
          shapermc_ecumenical_altar_mp_urbaneastern
D:2:      layout_basic, minmay_tromino_mix6
D:3:      layout_loops_ring, fountainhead, grunt_ministairs_7, uniq_natasha
D:4:      minmay_polygon_palace, layout_basic, temple_green, serial_shops,
          kennysheep_little_box, nicolae_shop_stone, nicolae_square_shop, shop,
          nicolae_stop_n_shop_1, kennysheep_nondescript, grunt_ministairs_8
D:5:      minmay_recursive_quarters, layout_rooms, nemelex_diamond_rough_becter
D:6:      layout_rooms, nicolae_overflow_hidden_temple, st_stairs_4,
          minmay_mini_ossuary
D:7:      old_forge, layout_basic, st_stairs_9,
          nicolae_shop_sticking_my_neck_out
D:8:      layout_loops_cross, chequers_serial_rivers_small_b,
          wad_floor_pattern_2, uniq_grum
D:9:      layout_roguey, okawaru_altar_gauntlet_db, minivault_16
D:10:     layout_small_grid, erik_lair_island
D:11:     layout_long_grid, orc_0_dummy, portal_ice_cave_demonic_guard,
          enter_bailey_4, kennysheep_slug_shrine, uniq_maurice
D:12:     layout_roguey [special_room_bee]
D:13:     layout_layer_cave, gauntlet_entry_generic
D:14:     wad_bat_island, layout_stronghold, erik_vaults_1, chequers_jeans,
          skrybe_limestone_x, drop_trap
D:15:     gammafunk_enter_depths_forms, layout_irregular_city,
          nrook_pool_corridor, library_closet, palyth_stone_intersect
Temple:   dpeg_five_rooms_temple
Lair:1:   layout_cave_pods, special_room
Lair:2:   layout_regular_city, minmay_swamp_entry_wisps,
          gammafunk_ghost_abyssal_escape
Lair:3:   layout_misc_corridors, spider_nest_entry_rubble, serial_bayou,
          serial_bayou_shore_b, serial_bayou_pond_c, serial_bayou_pond_e,
          serial_bayou_shore_a, serial_bayou_lagoon_b, worms_lemuel,
          infiniplex_staircase_pool_2
Lair:4:   layout_long_grid
Lair:5:   layout_concentric_octagons, chequers_serial_rivers_marsh,
          minivault_27, nzn_random_ring
Lair:6:   minmay_lair_end_enchanted_forest, layout_cave_shapes,
          minmay_slime_entry_oklob_enclosed, nicolae_quartered_pool_medium,
          lemuel_fruit_fields
Swamp:1:  layout_basic_swamp, evilmike_swamp_ruin_house_4, swamp_pool3,
          uniq_donald
Swamp:2:  layout_basic_swamp, nicolae_swamp_feature_on_the_river_bank,
          uniq_roxanne
Swamp:3:  layout_falls_marsh, nicolae_swamp_small_spring, uniq_nikola
Swamp:4:  swamp_pestilence, layout_basic_swamp, swamp_pool3, uniq_aizul,
          uniq_louise
Spider:1: layout_spider_delve
Spider:2: layout_spider_delve
Spider:3: layout_spider_delve
Spider:4: grunt_spider_rune_circles
Orc:1:    layout_caves
Orc:2:    grunt_orc_tribal_feast, layout_caves
Elf:1:    layout_loops_corners, minmay_elf_sorcery, minivault_16,
          nicolae_elf_stone_circles, uniq_azrael, uniq_asterion
Elf:2:    nicolae_elf_blades_crystal_corner, layout_loops_corners, basic_altar,
          serial_shops, shop, corner_web_ring
Elf:3:    minmay_elf_hall, layout_loops_cross, serial_shops,
          nicolae_shop_behind_doors, grunt_ministairs_11, hex_large,
          solitary_fountain
Vaults:1: v_misc_1, grunt_vaults_bifocal, hangedman_vaults_slice,
          nicolae_vaults_little_ls, v_rooms_6, v_alt_pattern_5,
          nicolae_vaults_meeting, ontoclasm_vaults_eye,
          ontoclasm_vaults_decontamination, vaults_dpeg_encased_lava,
          nicolae_vaults_asterisk, layout_vaults_omnigrid
Vaults:2: nicolae_vaults_yaktaur_gun_rack, v_misc_10, hangedman_vaults_nodes,
          v_misc_10, vaults_room_pool, vaults_mumra_lcd, grunt_vaults_swirl,
          nicolae_vaults_little_squares_2, layout_vaults_chaotic_city
Vaults:3: vaults_dpeg_cross, vaults_room_grid, minmay_crypt_entry_nasty_monster,
          ontoclasm_vaults_chip, st_smaller_cells, v_pattern_3, serial_ice_h,
          vaults_standard_mumra_enter_the_diamond, ontoclasm_vaults_tryst,
          v_misc_30, nicolae_vaults_three_branches,
          nicolae_vaults_diagonal_hallway_7, layout_vaults_omnicross,
          serial_shops, shop
Vaults:4: vaults_room_glass_cross, v_misc_13, v_misc_15, serial_ice_g,
          v_misc_27, grunt_vaults_hallway_short, v_pattern_2,
          hangedman_vaults_nails, nicolae_vaults_diagonal_hallway_9,
          ontoclasm_vaults_shuriken, layout_vaults_ring
Crypt:1:  layout_misc_corridors, grunt_megastairs_1,
          grunt_crypt_arrival_guarded_gate
Crypt:2:  layout_misc_corridors, grunt_megastairs_5
Crypt:3:  due_elkab, layout_chaotic_city, tomb_entry_shell_bobbens, basic_altar,
          uniq_frederick
Depths:1: minmay_spiral_squares, layout_twisted_cross, grunt_hell_entry_dis_mu,
          kennysheep_cross_bottleneck, kennysheep_decorative_pillar,
          serial_bayou_pond_b, nicolae_rare_books, minmay_protected_statue,
          serial_bayou_shore_b, uniq_mara
Depths:2: evilmike_makhleb_hellhole, layout_basic, enter_ziggurat_d,
          rand_demon_pan_entry_7, hell_entry, nicolae_trove_entry_free_sample,
          trog_three_pillars_becter, serial_shops, nicolae_shop_waterfront,
          uniq_saint_roka
Depths:3: lightli_eight_chambers, layout_gridlike, pan_entry, pf_coc_iceberg,
          minmay_staircase_bubble, minmay_shoptagon
Depths:4: minmay_open_boxes_in_corner, layout_cave_pools, hell_entry,
          abyss_entry, rand_demon_pan_entry_9, minivault_14,
          infiniplex_staircase_x, serial_bayou_shore_b
Depths:5: hangedman_spin_cycle, hell_entry

Skill      XL: |  1  2  3  4  5  6  7  8  9 10 11 12 13 14 15 16 17 18 19 20 21 22 23 24 25 26 27 |
---------------+----------------------------------------------------------------------------------+-----
Maces & Flails | 1 2 3 4 5 6 7 8 11 12 13 14 15 16 17 18 19 20 21 22 | 22.7
Fighting       | 3 4 5 9 10 12 13 15 16 17 19 21 22 23 24 25 26 27 | 27.0
Throwing       | 4 5 6 7 9 10 11 12 13 14 16 17 18 | 18.3
Evocations     | 3 5 6 7 8 10 12 13 14 | 14.3
Spellcasting   | 4 7 9 10 11 12 | 12.0
Armour         | 3 5 7 8 9 |  9.3
Dodging        | 4 6 8 9 10 | 10.3
Air Magic      | 5 |  5.0
Stealth        | |  0.6

Action                   |  1- 3 |  4- 6 |  7- 9 | 10-12 | 13-15 | 16-18 | 19-21 | 22-24 | 25-27 || total
-------------------------+-------+-------+-------+-------+-------+-------+-------+-------+-------++-------
Melee: Club              |    63 |       |       |       |       |       |       |       |       ||    63
       Whip              |    73 |   153 |   153 |       |       |       |       |       |       ||   379
       Morningstar       |       |       |   407 |   556 |       |       |       |       |       ||   963
       Giant club        |       |       |       |   163 |   254 |       |       |       |       ||   417
       Giant spiked club |       |       |       |       |   701 |   370 |  1175 |   884 |   897 ||  4027
Throw: Stone             |       |     7 |    24 |    31 |     1 |       |       |       |       ||    63
       Dart              |       |       |       |    94 |       |       |     1 |       |       ||    95
       Boomerang         |       |       |       |     3 |    25 |    17 |    36 |       |       ||    81
       Javelin           |       |       |       |       |     4 |     4 |     6 |    15 |       ||    29
       Large rock        |       |       |       |       |       |     7 |    29 |    26 |    10 ||    72
 Cast: Swiftness         |       |       |       |       |       |       |       |     1 |       ||     1
Invok: Potion Petition   |       |       |       |       |       |       |       |       |     1 ||     1
Evoke: Wand              |     7 |    19 |    14 |    22 |    21 |     5 |    22 |     8 |     1 ||   119
       Piece from Xom's  |     3 |       |     3 |    20 |       |       |       |       |       ||    26
       Phantom mirror    |       |       |       |       |     2 |     1 |     3 |     1 |       ||     7
       Lightning rod     |       |       |       |       |       |     4 |    14 |     3 |       ||    21
       Condenser vane    |       |       |       |       |       |       |     1 |     6 |     2 ||     9
       Tin of tremorston |       |       |       |       |       |       |       |       |     1 ||     1
  Use: Scroll            |       |       |     4 |     6 |    28 |     1 |    11 |     5 |     5 ||    60
       Potion            |       |       |     2 |     4 |     1 |     2 |    10 |     8 |     1 ||    28
 Stab: Sleeping          |     1 |       |     1 |     1 |       |       |       |     1 |     1 ||     5
       Paralysed         |       |       |     3 |     6 |       |       |     3 |       |       ||    12
       Petrified         |       |       |       |    11 |       |       |       |       |       ||    11
       Confused          |       |       |       |     3 |       |       |       |       |       ||     3
       Petrifying        |       |       |       |     3 |       |       |       |       |       ||     3
       Distracted        |       |       |       |     1 |     7 |     3 |     8 |     8 |     7 ||    34
Armor: Robe              |    48 |    35 |   121 |    40 |       |       |       |       |       ||   244
       Skin              |       |       |    27 |    18 |       |       |       |       |       ||    45
       Troll leather arm |       |       |       |   259 |   438 |   173 |   795 |   245 |   311 ||  2221
Dodge: Dodged            |    67 |    74 |   265 |   427 |   563 |   271 |   971 |   468 |   540 ||  3646
